 Dungeon Crawl Stone Soup version 0.25-a0-458-g6fc7858b95 (webtiles) character file.

Game seed: 16168771583965624984, levelgen mode: deterministic

60 funkygono the Chiller (level 3, 0/24 HPs)
             Began as a Demonspawn Ice Elementalist on Feb 2, 2020.
             Succumbed to an adder's poison
             ... on level 2 of the Dungeon.
             The game lasted 00:05:07 (1727 turns).

funkygono the Chiller (Demonspawn Ice Elementalist) Turns: 1727, Time: 00:05:07

Health: 0/24       AC:  5    Str: 13    XL:     3   Next: 80%
Magic:  0/7        EV: 12    Int: 17    God:
Gold:   52         SH:  0    Dex: 13    Spells: 3/7 levels left

rFire    . . .     SeeInvis .   i - +0 whip
rCold    . . .     Gourm    .   (no shield)
rNeg     . . .     Faith    .   g - +0 leather armour
rPois    .         Spirit   .   (helmet restricted)
rElec    .         Reflect  .   j - +0 cloak
rCorr    .         Harm     .   (no gloves)
MR       .....                  l - +0 pair of boots
Stlth    ++........             (no amulet)
HPRegen  0.08/turn              (no ring)
MPRegen  0.10/turn              (no ring)

@: mighty, lethally poisoned (0 -> -8)
A: horns 1
a: no special abilities


You were on level 2 of the Dungeon.
You were not hungry.

You visited 1 branch of the dungeon, and saw 2 of its levels.

You collected 52 gold pieces.

Inventory:

Hand Weapons
 i - a +0 whip (weapon)
Missiles
 b - 73 stones (quivered)
Armour
 a - a +0 robe
 d - a +0 helmet
 g - a +0 leather armour (worn)
 j - a +0 cloak (worn)
 l - a +0 pair of boots (worn)
Scrolls
 f - 2 scrolls of amnesia
 m - a scroll of teleportation {unknown}
Potions
 k - a potion of degeneration
Comestibles
 c - 2 rations
 h - 5 chunks of flesh


   Skills:
 + Level 0.6 Maces & Flails
 + Level 0.2 Armour
 + Level 2.0 Dodging
 + Level 1.8 Stealth
 + Level 2.9 Spellcasting
 + Level 4.1 Ice Magic


You had 3 spell levels left.
You knew the following spells:

 Your Spells              Type           Power        Failure   Level  Hunger
a - Freeze                Ice            ###.         4%          1    None
b - Ozocubu's Armour      Chrm/Ice       #.......     28%         3    ###....

Your spell library contained the following spells:

 Spells                   Type           Power        Failure   Level  Hunger
 Hailstorm                Conj/Ice       #.......     67%         4    ####...
 Summon Ice Beast         Ice/Summ       #.......     67%         4    ####...


Dungeon Overview and Level Annotations

Branches:
Dungeon (2/15)

Altars:


Innate Abilities, Weirdness & Mutations

You have a pair of small horns on your head.


Message History

You feel very mighty all of a sudden. The adder closely misses you.
The adder bites you.
* * * LOW HITPOINT WARNING * * *
You barely miss the adder.
The adder is severely wounded.
* * * LOW HITPOINT WARNING * * *
You feel sick. The adder bites you.
* * * LOW HITPOINT WARNING * * *
You miss the adder.
The adder is severely wounded.
* * * LOW HITPOINT WARNING * * *
You feel sick. The adder misses you.
Casting: Freeze (safe; 4% risk of failure)
Confirm with . or Enter, or press ? or * to list all spells.
Aiming: Freeze (safe; 4% risk of failure)
Press: ? - help, Shift-Dir - straight line, f/p - adder
Aim: an adder (severely wounded)
You freeze the adder.
You kill the adder!
You die...

########## .........#
.........# #########
.........# #........
.........# #........
....)....#########........
...(............@†......>.
#######.......####........
# #.#####.# #........ #
#.# #.# #........ # #.#
#÷####........ # #.#
#..).#...(....
#######.#####....#.##.....
.................... .....
####.##.####.#...#..#


There were no monsters in sight!

Vanquished Creatures
  2 adders (D:2)
  A worm (D:2)
  2 dart slugs (D:1)
  3 leopard geckos (D:1)
  A bat (D:1)
  2 giant cockroaches
  6 goblins
  4 hobgoblins (D:1)
  3 kobolds
  A ball python (D:1)
  4 frilled lizards
  4 rats
33 creatures vanquished.

Notes
Turn   | Place    | Note
-------+----------+-------------------------------------------
     0 | D:1      | funkygono the Demonspawn Ice Elementalist began the quest
                  | for the Orb.
     0 | D:1      | Reached XP level 1. HP: 13/13 MP: 3/3
   469 | D:1      | Gained mutation: You have a pair of small horns on your
                  | head. [demonic ancestry]
   469 | D:1      | Reached XP level 2. HP: 12/19 MP: 3/5
   533 | D:1      | Reached skill level 4 in Ice Magic
  1099 | D:1      | Reached XP level 3. HP: 24/24 MP: 4/6
  1107 | D:1      | Learned a level 3 spell: Ozocubu's Armour
  1644 | D:2      | Found a faded altar of an unknown god.
  1726 | D:2      | HP: 1/24 [poisoned by an adder]
  1727 | D:2      | Succumbed to an adder's poison

Levels and vault maps discovered:
D:1:      dpeg_arrival_signposts, layout_loops_ring
D:2:      layout_basic, chequers_ecumenical_altar_twisty

Skill      XL: |  1  2 |
---------------+-------+-----
Ice Magic      | 4 |  4.1
Dodging        | 2 |  2.0
Maces & Flails | |  0.6
Armour         | |  0.2
Stealth        | |  1.8
Spellcasting   | |  2.9

Action                   || total
-------------------------++-------
Melee: Club              ||     6
       Whip              ||    33
       Headbutt          ||     7
 Cast: Freeze            ||    46
       Ozocubu's Armour  ||     1
  Use: Scroll            ||     4
       Potion            ||     1
  Eat: Chunk             ||     3
Armor: Robe              ||     4
       Leather armour    ||     4
Dodge: Dodged            ||    55

Table legend:
 A = Non-vault XP
 B = Vault XP
 C = Vault XP percentage of total XP
 D = Non-vault monster count
 E = Vault monster count
 F = Vault count percentage of total count
                 A         B        C        D         E       F
            +---------+---------+-------+---------+---------+-------
      Total |      86 |       0 |   0.0 |      33 |       0 |   0.0
            +---------+---------+-------+---------+---------+-------
        D:1 |      46 |       0 |   0.0 |      23 |       0 |   0.0
        D:2 |      40 |       0 |   0.0 |      10 |       0 |   0.0
            +---------+---------+-------+---------+---------+-------
